 Dungeon Sprint DCSS version 0.30-a0-808-g6e0788376e (webtiles) character file.

Game seed: 17868538142058642305

65 rocky1 the Zephyrmancer (level 4, 0/24 HPs)
             Began as a Tengu Air Elementalist on Feb 26, 2023.
             Slain by a water moccasin (6 damage)
             ... in the Dungeon (Sprint IX: "|||||||||||||||||||||||||||||").
             The game lasted 00:00:33 (247 turns).

rocky1 the Zephyrmancer (Tengu Air Elementalist)     Turns: 247, Time: 00:00:34

Health: 0/24       AC:  2    Str:  9    XL:     4   Next: 14%
Magic:  9/10       EV: 13    Int: 17    God:
Gold:   0          SH:  0    Dex: 14    Spells: 9/10 levels left

rFire   . . .      SeeInvis .    (no weapon)
rCold   . . .      Faith    .    (no shield)
rNeg    . . .      Spirit   .    a - +0 robe
rPois   .          Reflect  .    (helmet restricted)
rElec   .          Harm     .    (no cloak)
rCorr   .          Rampage  .    (no gloves)
Will    .....      NoTele   +    (boots unavailable)
Stlth   ++                       (no amulet)
HPRegen 0.24/turn                (no ring)
MPRegen 0.12/turn                (no ring)

@: no status effects
A: beak, talons 3
a: no special abilities


You were in the Dungeon.
You visited 1 branch

Inventory:

Armour
 a - a +0 robe (worn)
Potions
 b - a potion of magic
 e - a potion of haste
 f - a potion of berserk rage


   Skills:
 + Level 0.2 Fighting
 + Level 3.8 Dodging
 + Level 3.2 Stealth
 + Level 3.7 Spellcasting
 + Level 2.6 Conjurations
 + Level 8.1 Air Magic


You had 9 spell levels left.
You knew the following spells:

 Your Spells              Type           Power      Damage    Failure   Level
a - Shock                 Conj/Air       84%        1d8       1%          1

Your spell library contained the following spells:

 Spells                   Type           Power      Damage    Failure   Level
 Swiftness                Air            30%        N/A       1%          3
 Static Discharge         Conj/Air       42%        2-4/arc   2%          2
 Airstrike                Air            15%        2d(3-19)  6%          4


Dungeon Overview and Level Annotations

Branches:
Dungeon (1/1)

Altars:


Innate Abilities, Weirdness & Mutations

You have a beak for a mouth.
You have claws for feet.


Message History

Aiming: Shock (safe; 4% risk of failure)
Press: ? - help, Q - select action Shift-Dir - straight line, f/p - gnoll bouda
Aim: a gnoll bouda, wielding a +0 club and wearing a +0 robe (almost dead, 72% to hit)
The zap hits the gnoll bouda.
You kill the gnoll bouda!
The zap hits the water moccasin.
The water moccasin is moderately wounded.
The zap misses the ice beast.
Your Dodging skill increases to level 3!
Your Spellcasting skill increases to level 3!
Your Conjurations skill increases to level 2!
Your Air Magic skill gained 2 levels and is now at level 7!
You have reached level 3!
Your experience leads to an increase in your attributes!
Increase (S)trength, (I)ntelligence, or (D)exterity?
You feel clever. x2
Unknown command.
Aiming: Shock (safe; 2% risk of failure)
Press: ? - help, Q - select action Shift-Dir - straight line, f - water moccasin
Aim: a water moccasin (moderately wounded, 53% to hit)
The zap hits the water moccasin.
The water moccasin is heavily wounded.
The zap hits the ice beast.
The ice beast is severely wounded.
The zap hits the jelly.
You kill the jelly!
Your Stealth skill increases to level 3!
Your Air Magic skill increases to level 8!
You have reached level 4!
You feel stronger. Magic courses through your body.
Aiming: Shock (safe; 1% risk of failure)
Press: ? - help, Q - select action Shift-Dir - straight line, f/p - water moccasin
Aim: a water moccasin (heavily wounded, 57% to hit)
The zap hits the water moccasin.
The water moccasin is severely wounded.
The zap hits the ice beast!
The ice beast is almost dead.
The water moccasin bites you.
You die... ▓▓▓▓▓▓▓▓▓▓▓▓▓▓▓▓▓▓ ▓<..@S)Y)))'.YJ..+ ▓▓▓▓▓▓▓▓▓▓▓▓▓▓▓▓▓▓

You could see a water moccasin and an ice beast.

Vanquished Creatures
  A jelly (D)
  A gnoll bouda (D)
  An orc (D)
  A hobgoblin (D)
  A kobold (D)
  3 goblins (D)
8 creatures vanquished.

Notes
Turn   | Place    | Note
-------+----------+-------------------------------------------
     0 | D        | rocky1 the Tengu Air Elementalist began the quest for the
                  | Orb.
     0 | D        | Reached XP level 1. HP: 10/10 MP: 4/4
     7 | D        | Reached skill level 5 in Air Magic
   231 | D        | Noticed a gnoll bouda
   231 | D        | Noticed a water moccasin
   231 | D        | Noticed an ice beast
   231 | D        | Noticed a jelly
   234 | D        | Reached XP level 2. HP: 3/15 MP: 3/6
   245 | D        | Reached skill level 7 in Air Magic
   245 | D        | Reached XP level 3. HP: 4/19 MP: 3/8
   246 | D        | Reached skill level 8 in Air Magic
   246 | D        | Reached XP level 4. HP: 6/24 MP: 2/10
   247 | D        | Slain by a water moccasin

Illustrated notes

Levels and vault maps discovered:
D:        linesprint [early_d, line_temple, items_1, d_10, items_2, lair_1,
          lair_end, items_3, orc_1, orc_end, items_4, d_15, swamp_1, shoals_1,
          snake_1, spider_1, d_20, vaults_1, items_5, swamp_end, shoals_end,
          snake_end, spider_end, vaults_end, d_27, items_6, zot_1, zot_end,
          crypt_end, forest_end, elf_end, slime_end, tomb_end, abyss_end,
          pan_hell_end]

Skill      XL: |  1  2  3 |
---------------+----------+-----
Air Magic      | 5 7 8 |  8.1
Dodging        | 3 |  3.8
Spellcasting   | 3 |  3.7
Conjurations   | 2 |  2.6
Stealth        | 3 |  3.2
Fighting       | |  0.2

Action                     |  1- 3 |  4- 6 || total
---------------------------+-------+-------++-------
   Cast: Shock             |    13 |     1 ||    14
    Use: Potion            |     3 |     1 ||     4
         Scroll            |     1 |       ||     1
  Dodge: Dodged            |     4 |       ||     4

Table legend: (Time is in decaauts)
 A = Elapsed time spent in this place.
 B = Non-inter-level travel time spent in this place.
 C = Inter-level travel time spent in this place.
 D = Time resting spent in this place.
 E = Time spent auto-exploring this place.
 F = Levels seen in this place.
 G = Mean time per level.
                   A        B        C        D        E       F      G
               +--------+--------+--------+--------+--------+-----+--------+
         Total |    247 |    247 |      0 |    218 |      0 |   1 |  247.0 |
       Dungeon |    247 |    247 |      0 |    218 |      0 |   1 |  247.0 |
               +--------+--------+--------+--------+--------+-----+--------+

Top non-repeatable levels by time:
       D: 247 daAuts
